 Dungeon Crawl Stone Soup version 0.19.4-10-g532645f (webtiles) character file.

2018 Kosschaser the Grappler (level 9, -5/84 HPs)
             Began as a Troll Monk on Feb 25, 2017.
             Slain by an orc warrior
             ... wielding a +0 war axe
              (12 damage)
             ... in a bailey.
             The game lasted 00:16:53 (5344 turns).

Kosschaser the Grappler (Troll Monk)                Turns: 5344, Time: 00:16:53

Health: -5/84      AC:  9    Str: 24    XL:     9   Next: 3%
Magic:  8/8        EV: 15    Int:  6    God:
Gold:   193        SH:  0    Dex: 12    Spells: 0 memorised, 8 levels left

rFire  + . .     SeeInvis .       - Unarmed
rCold  . . .     Gourm    +     a - +1 robe
rNeg   . . .     Faith    +     (no shield)
rPois  .         Spirit   .     (helmet restricted)
rElec  .         Reflect  .     z - +0 cloak
rCorr  .         Harm     .     (gloves unavailable)
MR     .....                    (boots unavailable)
Stlth  ++........               f - amulet of faith
                                D - ring of protection from fire
                                d - +4 ring of evasion

@: flying
A: unfitting armour, claws 3, molten scales 1, fast metabolism 3, gourmand,
regeneration 1, shaggy fur 1, tough skin 2
a: no special abilities


You were in a bailey.
You were not hungry.

You visited 1 branch of the dungeon, and saw 7 of its levels.
You also visited: Bailey.

You collected 325 gold pieces.
You spent 132 gold pieces at shops.

Inventory:

Missiles
 s - 148 stones (quivered)
Armour
 a - a +1 robe (worn)
 z - a +0 cloak (worn)
Jewellery
 c - a +3 amulet of reflection
 d - a +4 ring of evasion (left claw)
 f - an amulet of faith (around neck)
 r - an uncursed ring of stealth
 D - a ring of protection from fire (right claw)
Wands
 v - a wand of confusion (16/48)
 E - a wand of slowing (14/48)
 H - a wand of paralysis (16/24)
Scrolls
 j - 3 scrolls of teleportation
 k - a scroll of random uselessness
 n - 3 scrolls of magic mapping
 p - 3 scrolls of identify {unknown}
 q - 3 scrolls of enchant weapon
 t - a scroll of amnesia {unknown}
 y - 2 scrolls of enchant armour
Potions
 e - 2 potions of agility
 l - 2 potions of brilliance {unknown}
 m - 4 potions of heal wounds
 o - 5 potions of curing
 u - a potion of lignification {unknown}
 w - 2 potions of haste {unknown}
 x - 2 potions of beneficial mutation {unknown}
 C - 2 potions of cancellation {unknown}
 F - a potion of degeneration {unknown}
Books
 A - a book of Callings

   Spells                             Type                      Level
   a - Summon Small Mammal            Summoning                    1
   b - Call Imp                       Summoning                    2
   c - Call Canine Familiar           Summoning                    3
   d - Summon Guardian Golem          Hexes/Summoning              3
   e - Summon Lightning Spire         Summoning/Air                4
   f - Summon Ice Beast               Ice/Summoning                4
Comestibles
 b - 8 bread rations
 g - 4 meat rations
 h - 3 beef jerkies
 B - a slice of pizza


   Skills:
 + Level 3.6 Fighting
 + Level 4.3 Dodging
 + Level 2.8 Stealth
 + Level 10.0 Unarmed Combat


You had 8 spell levels left.
You didn't know any spells.

Dungeon Overview and Level Annotations

Branches:
Dungeon (7/15)             Temple (0/1) D:6

Altars:
Ashenzari
Hepliaklqana
Ru
Zin

Shops:
D:6 !

Annotations:
Bailey GagarinX's ghost, journeyman MiFi


Innate Abilities, Weirdness & Mutations

You are too large for most types of armour.
You have claws for hands.
Your metabolism is lightning-fast.
You like to eat raw meat.
Your natural rate of healing is unusually fast.
You are covered in fur. (AC +1)
You have very tough skin. (AC +2)
You are partially covered in molten scales. (AC +2)


Message History

You kill the kobold!
The kobold hits you but does no damage. GagarinX's ghost closely misses you.
You scratch the hobgoblin.
The hobgoblin is lightly wounded.
The kobold misses you.
The hobgoblin hits you but does no damage.
You scratch the hobgoblin.
You kill the hobgoblin!
GagarinX's ghost hits you. The kobold barely misses you.
You scratch the kobold.
You kill the kobold!
GagarinX's ghost closely misses you. The orc warrior completely misses you.
The kobold barely misses you. GagarinX's ghost hits you!!
* * * LOW HITPOINT WARNING * * *
Items here: ( ) [ † a hand axe; a leather armour; 4 tomahawks of returning; a hobgoblin corpse The kobold completely misses you.
The orc warrior hits you with a war axe!
You die...

####..(!.........#
###.(......≈≈≈≈≈≈≈≈.#
##(......≈≈≈≈≈≈≈≈≈≈≈≈≈≈
##......≈≈≈≈≈#########≈≈
###(...≈≈≈≈≈≈≈K#gg.....#K≈
###≈≈≈≈≈≈≈≈≈≈.####.......#
# ≈≈≈≈≈≈≈≈≈≈.W(..#gK#
##'###
#≈≈≈≈≈≈#.(..K)###....
#########..go@# ##
#.......# .....⌠....
##.........# ##.........
####....... #########


You could see an orc warrior, GagarinX's ghost, a gnoll and a kobold.

Vanquished Creatures
  The ghost of Siegfriedson the Destroyer, a novice DECj (D:6)
  Eustachio (D:5)
  A sky beast (D:5)
  An orc warrior (D:4)
  2 ogres
  2 centaurs (D:5)
  A water moccasin zombie (D:7)
  4 scorpions
  A crimson imp (D:7)
  A hound (D:3)
  3 orc priests
  2 bullfrog zombies (D:6)
  A centaur skeleton (D:4)
  An iguana (D:4)
  4 orc wizards
  6 worker ants
  A worker ant zombie (D:6)
  13 adders
  3 oozes
  An adder skeleton (D:6)
  3 dart slugs
  4 worms
  A leopard gecko (D:6)
  20 orcs
  6 giant cockroaches
  9 goblins
  12 hobgoblins
  19 jackals
  2 quokkas
  7 bats
  7 frilled lizards
  14 kobolds
  A leopard gecko skeleton (D:6)
  A quokka skeleton (D:5)
  9 rats
165 creatures vanquished.

Notes
Turn   | Place    | Note
-------+----------+-------------------------------------------
     0 | D:1      | Kosschaser the Troll Monk began the quest for the Orb.
     0 | D:1      | Reached XP level 1. HP: 22/22 MP: 0/0
   213 | D:1      | Reached XP level 2. HP: 25/29 MP: 1/1
   458 | D:1      | Found a shattered altar of Ashenzari.
   465 | D:1      | Reached XP level 3. HP: 36/36 MP: 2/2
  1179 | D:2      | Reached skill level 4 in Unarmed Combat
  1212 | D:2      | Reached XP level 4. HP: 44/44 MP: 3/3
  1900 | D:3      | Reached XP level 5. HP: 52/52 MP: 4/4
  1945 | D:3      | Reached skill level 5 in Unarmed Combat
  2556 | D:3      | Found a sacrificial altar of Ru.
  2558 | D:3      | Found a glowing silver altar of Zin.
  2564 | D:3      | Found a hazy altar of Hepliaklqana.
  2888 | D:4      | Reached XP level 6. HP: 59/59 MP: 5/5
  3019 | D:4      | Reached skill level 6 in Unarmed Combat
  3215 | D:4      | Noticed an orc warrior
  3224 | D:4      | Killed an orc warrior
  3224 | D:4      | Reached XP level 7. HP: 45/67 MP: 6/6
  3388 | D:4      | Reached skill level 7 in Unarmed Combat
  3549 | D:5      | Entered Level 5 of the Dungeon
  3600 | D:5      | Noticed Eustachio
  3610 | D:5      | Killed Eustachio
  3674 | D:5      | Reached skill level 8 in Unarmed Combat
  3681 | D:5      | Gained mutation: You are partially covered in molten scales. (AC +2) [mutagenic meat]
  3682 | D:5      | Gained mutation: You have an increased reservoir of magic. (+10% MP) [mutagenic meat]
  3683 | D:5      | Lost mutation: You have an increased reservoir of magic. (+10% MP) [mutagenic meat]
  3684 | D:5      | Gained mutation: You expend magic power (3 MP) to strengthen your wands. [mutagenic meat]
  3685 | D:5      | Lost mutation: You expend magic power (3 MP) to strengthen your wands. [mutagenic meat]
  3761 | D:5      | Reached XP level 8. HP: 69/75 MP: 7/7
  4421 | D:6      | Reached skill level 9 in Unarmed Combat
  4569 | D:6      | Found Tazxica's Distillery.
  4578 | D:6      | Bought a potion of heal wounds for 55 gold pieces
  4578 | D:6      | Bought a potion of agility for 44 gold pieces
  4578 | D:6      | Bought a potion of curing for 33 gold pieces
  4912 | D:6      | Noticed Siegfriedson's ghost (novice DECj)
  4929 | D:6      | Killed Siegfriedson's ghost
  5004 | D:6      | Found a staircase to the Ecumenical Temple.
  5207 | D:7      | Reached skill level 10 in Unarmed Combat
  5207 | D:7      | Reached XP level 9. HP: 84/84 MP: 8/8
  5257 | D:7      | Found a flagged portal.
  5283 | Bailey   | Entered a bailey
  5291 | Bailey   | Noticed GagarinX's ghost (journeyman MiFi)
  5344 | Bailey   | Slain by an orc warrior

Skill      XL: |  1  2  3  4  5  6  7  8 |
---------------+-------------------------+-----
Unarmed Combat | 4 5 6 8 10 | 10.0
Dodging        | 3 4 |  4.3
Fighting       | 3 |  3.6
Stealth        | 2 |  2.8

Action                   |  1- 3 |  4- 6 |  7- 9 || total
-------------------------+-------+-------+-------++-------
Melee: Unarmed           |    98 |   188 |   165 ||   451
       Punch             |       |     3 |     2 ||     5
  Use: Scroll            |       |       |     8 ||     8
       Potion            |       |       |     1 ||     1
 Stab: Sleeping          |     1 |     2 |     7 ||    10
       Distracted        |       |       |     1 ||     1
  Eat: Chunk             |    11 |    23 |    18 ||    52
Armor: Robe              |    16 |    36 |    43 ||    95
Dodge: Dodged            |    73 |   124 |   107 ||   304
Block: Other             |    18 |    14 |    14 ||    46
       Reflection        |     1 |       |       ||     1
